 Dungeon Crawl Stone Soup version 0.23.2-40-g277498a001 (webtiles) character file.

Game seed: 13546350429219414735

1915 Hylith the Ruffian (level 9, -1/75 HPs)
             Began as a Ghoul Fighter on Sept 23, 2019.
             Was a Follower of Makhleb.
             Slain by a troll (14 damage)
             ... on level 6 of the Dungeon.
             The game lasted 00:12:57 (5880 turns).

Hylith the Ruffian (Ghoul Fighter)                  Turns: 5880, Time: 00:12:57

Health: -1/75      AC: 12    Str: 28    XL:     9   Next: 16%
Magic:  8/8        EV:  7    Int:  3    God:    Makhleb [*.....]
Gold:   258        SH: 11    Dex:  8    Spells: 8/8 levels left

rFire    . . .     SeeInvis .     - Unarmed
rCold    + . .     Gourm    .   b - +0 shield
rNeg     + + +     Faith    .   u - +0 chain mail
rPois    ∞         Spirit   .   (no helmet)
rElec    .         Reflect  .   o - +1 cloak
rCorr    .         Harm     .   (no gloves)
MR       .....                  (no boots)
Stlth    ..........             (no amulet)
HPRegen  0.00/turn              (no ring)
MPRegen  0.11/turn              (no ring)

@: mighty, rotting
A: rotting body, claws 1, carnivore, cold resistance 1, negative energy
resistance 3, inhibited regeneration, torment resistance, unbreathing
a: Renounce Religion


You were on level 6 of the Dungeon.
You worshipped Makhleb.
Makhleb was aware of your devotion.
You were not hungry.

You visited 2 branches of the dungeon, and saw 7 of its levels.

You collected 258 gold pieces.

Inventory:

Missiles
 a - 8 tomahawks (quivered)
Armour
 b - a +0 shield (worn)
 e - a +0 large shield
 o - a +1 cloak (worn)
 u - a +0 chain mail (worn)
Wands
 m - a wand of paralysis (12)
 w - a wand of random effects (12)
 x - a wand of digging (5)
Scrolls
 c - a scroll of amnesia {unknown}
 g - 5 scrolls of remove curse {unknown}
 h - 3 scrolls of fear {unknown}
 i - 6 scrolls of identify {unknown}
 l - 2 scrolls of enchant armour {unknown}
 n - a scroll of noise {unknown}
 p - 2 scrolls of teleportation {unknown}
 q - a scroll of fog {unknown}
 s - 2 scrolls of blinking {unknown}
Potions
 j - a potion of berserk rage {unknown}
 r - 2 potions of magic {unknown}
 t - a potion of lignification {unknown}
 v - 3 potions of curing
 z - a potion of heal wounds
Comestibles
 d - 7 rations
 k - 6 chunks of flesh


   Skills:
 + Level 6.1 Fighting
 + Level 5.1 Armour
 * Level 6.7 Shields
 * Level 7.7 Unarmed Combat


You had 8 spell levels left.
You didn't know any spells.
Your spell library was empty.

Dungeon Overview and Level Annotations

Branches:
Dungeon (6/15)             Temple (1/1) D:5

Altars:
Ashenzari
Cheibriados
Dithmenos
Fedhas
Gozag
Kikubaaqudgha
Makhleb
Okawaru
Qazlal
Ru
Sif Muna
Uskayaw
Wu Jian
Xom

Annotations:
D:4 1 runed translucent door


Innate Abilities, Weirdness & Mutations

Your body is rotting away.
You thrive on raw meat.
You are immune to poison.
You have sharp fingernails.
You are carnivorous and can eat meat at any time.
Your flesh is cold resistant. (rC+)
You are immune to negative energy. (rN+++)
You do not regenerate when monsters are visible.
You are immune to unholy pain and torment.
You can survive without breathing.


Message History

The troll is moderately wounded.
The troll bites you! The troll claws you but does no damage.
The troll claws you.
* * * LOW HITPOINT WARNING * * *
You scratch the troll.
The troll is heavily wounded.
You scratch the troll.
The troll is heavily wounded.
The troll completely misses you. You block the troll's attack.
The troll claws you but does no damage.
You claw the troll!
The troll is almost dead.
The troll bites you.
* * * LOW HITPOINT WARNING * * *
The troll claws you.
* * * LOW HITPOINT WARNING * * *
You block the troll's attack.
You feel very mighty all of a sudden. The troll bites you!
You die...

#....#......#..#$.... #.#.
#....#...)..#..#......#.#.
#....#..#####..#####$.#... ###
#....#......#..#......#...
#.####..<.#......#..#......#...
#....#....#####..#..#..#####...
#.##...#..#.%.#..#..#..# #...
#.###.....#.8T#..#..#..# #...
##.###....##...@..#..# .+ #...
#..........########.)########...
#....#..........................
##...#....#..........(..........
###.#...>######................
#.#....### #................
#........# ###..............
#......#.# ####..............
#####...####.###....#.#..........


You could see a troll.

Vanquished Creatures
  Sigmund (D:4)
  Duvessa (D:4)
  2 sky beasts (D:6)
  An ogre (D:6)
  Blork the orc (D:4)
  4 bullfrogs
  A gnoll sergeant (D:6)
  Dowan (D:4)
  The ghost of Quickbrownfox the Chiller, a weakling MfIE (D:4)
  A howler monkey (D:4)
  3 crimson imps (D:5)
  A hound (D:6)
  4 orc priests
  A bullfrog skeleton (D:6)
  5 orc wizards
  3 iguanas
  3 worker ants
  A killer bee zombie (D:5)
  A hound zombie (D:6)
  7 gnolls
  8 adders
  2 oozes
  An adder skeleton (D:5)
  2 worms
  A dart slug (D:3)
  5 leopard geckos
  19 orcs
  7 giant cockroaches
  8 goblins
  3 hobgoblins
  6 jackals
  A quokka (D:4)
  2 ball pythons
  6 bats
  4 frilled lizards
  A jackal zombie (D:6)
  9 kobolds
  9 rats
137 creatures vanquished.

Notes
Turn   | Place    | Note
-------+----------+-------------------------------------------
     0 | D:1      | Hylith the Ghoul Fighter began the quest for the Orb.
     0 | D:1      | Reached XP level 1. HP: 19/19 MP: 0/0
   158 | D:1      | Reached XP level 2. HP: 17/26 MP: 1/1
   597 | D:1      | Reached XP level 3. HP: 29/31 MP: 2/2
   839 | D:2      | You fall through a shaft!
   878 | D:3      | Found an opulent altar of Gozag.
   925 | D:2      | Found a shattered altar of Ashenzari.
   959 | D:2      | Reached skill level 3 in Unarmed Combat
  1043 | D:2      | Reached XP level 4. HP: 39/40 MP: 3/3
  1735 | D:2      | Reached XP level 5. HP: 44/46 MP: 4/4
  2317 | D:3      | Found a shimmering altar of Xom.
  2588 | D:4      | Reached skill level 4 in Unarmed Combat
  2602 | D:4      | Reached XP level 6. HP: 38/52 MP: 5/5
  3082 | D:4      | Noticed Sigmund
  3176 | D:4      | Killed Sigmund
  3176 | D:4      | Reached skill level 5 in Unarmed Combat
  3176 | D:4      | Reached XP level 7. HP: 29/60 MP: 6/6
  3313 | D:4      | Found a runed translucent door.
  3335 | D:4      | Noticed Quickbrownfox's ghost (weakling MfIE)
  3342 | D:4      | Killed Quickbrownfox's ghost
  3368 | D:4      | Found a runed translucent door.
  3416 | D:4      | Noticed Dowan
  3417 | D:4      | Noticed Duvessa
  3454 | D:4      | Killed Duvessa
  3454 | D:4      | Reached skill level 5 in Shields
  3461 | D:4      | Killed Dowan
  3619 | D:4      | Noticed Blork the orc
  3632 | D:4      | Killed Blork the orc
  3632 | D:4      | Reached skill level 5 in Fighting
  3632 | D:4      | Reached XP level 8. HP: 57/67 MP: 7/7
  3915 | D:5      | Entered Level 5 of the Dungeon
  3994 | D:5      | Reached skill level 6 in Unarmed Combat
  4013 | D:5      | Found a staircase to the Ecumenical Temple.
  4027 | Temple   | Entered the Ecumenical Temple
  4046 | Temple   | Became a worshipper of Makhleb the Destroyer
  4082 | D:5      | Found a shadowy altar of Dithmenos.
  4125 | D:5      | HP: 1/68 [orc priest/divine providence (11)]
  4825 | D:5      | Found a burning altar of Makhleb.
  4827 | D:5      | Noticed a balrug
  4831 | D:5      | Noticed a ynoxinul
  4831 | D:5      | Noticed a smoke demon
  5284 | D:6      | Reached skill level 7 in Unarmed Combat
  5603 | D:6      | Reached XP level 9. HP: 68/75 MP: 8/8
  5693 | D:6      | Found a stormy altar of Qazlal.
  5693 | D:6      | Found an iron altar of Okawaru.
  5695 | D:6      | Found an ancient bone altar of Kikubaaqudgha.
  5793 | D:6      | Reached skill level 5 in Armour
  5812 | D:6      | Reached * piety under Makhleb
  5863 | D:6      | Noticed a troll
  5880 | D:6      | Slain by a troll

Skill      XL: |  1  2  3  4  5  6  7  8  9 |
---------------+----------------------------+-----
Armour         | 3 4 5 |  5.1
Shields        | 3 4 5 6 |  6.7
Unarmed Combat | 3 4 5 7 |  7.7
Fighting       | 4 5 6 |  6.1

Action                   |  1- 3 |  4- 6 |  7- 9 || total
-------------------------+-------+-------+-------++-------
Melee: Unarmed           |   108 |   234 |   307 ||   649
  Use: Potion            |       |     3 |     2 ||     5
  Eat: Chunk             |     2 |     6 |     7 ||    15
       Ration            |       |       |     1 ||     1
Armor: Scale mail        |    37 |    41 |       ||    78
       Chain mail        |       |    42 |   118 ||   160
Dodge: Dodged            |    25 |    43 |    42 ||   110
Block: Shield            |    39 |    92 |   120 ||   251
